 Dungeon Crawl Stone Soup version 0.27.1 (webtiles) character file.

Game seed: 7815730086956529880

260 Gwenloh the Caller (level 5, -4/30 HPs)
             Began as a Deep Elf Summoner on Aug 22, 2021.
             Was an Initiate of Cheibriados.
             Slain by a gnoll (7 damage)
             ... on level 4 of the Dungeon.
             The game lasted 00:13:17 (5985 turns).

Gwenloh the Caller (Deep Elf Summoner)              Turns: 5985, Time: 00:13:18

Health: -4/30      AC:  2    Str:  5 (6)  XL:     5   Next: 95%
Magic:  0/13       EV: 13    Int: 19 (22) God:    Cheibriados [......]
Gold:   161        SH:  0    Dex: 15 (16) Spells: 4/13 levels left

rFire    . . .     SeeInvis .   j - +0 dagger
rCold    . . .     Faith    .   (no shield)
rNeg     . . .     Spirit   .   a - +0 robe
rPois    .         Reflect  .   (no helmet)
rElec    .         Harm     .   (no cloak)
rCorr    .         Rampage  .   (no gloves)
Will     .....                  (no boots)
Stlth    +++.......             (no amulet)
HPRegen  0.10/turn              b - ring of flight
MPRegen  0.13/turn              (no ring)

@: flying, very slow
A: no striking features
a: Renounce Religion, Bend Time


You were on level 4 of the Dungeon.
You worshipped Cheibriados.
Cheibriados was noncommittal.
You visited 2 branches of the dungeon, and saw 5 of its levels.

You collected 161 gold pieces.

Inventory:

Hand Weapons
 j - a +0 dagger (weapon)
Armour
 a - a +0 robe (worn)
 k - a +0 leather armour
Magical Staves
 c - a staff of conjuration
Jewellery
 b - a ring of flight (left hand)
Scrolls
 e - a scroll of acquirement {unknown}
 f - 2 scrolls of identify {unknown}
 g - 2 scrolls of immolation {unknown}
 h - a scroll of teleportation {unknown}
 i - a scroll of silence {unknown}
 l - 2 scrolls of fog {unknown}
 n - a scroll of summoning {unknown}
 o - a scroll of magic mapping {unknown}
 q - 2 scrolls of torment {unknown}
Potions
 d - a potion of might {unknown}
 p - a potion of heal wounds {unknown}


   Skills:
 + Level 1.9 Fighting
 + Level 3.9 Dodging
 + Level 4.2 Stealth
 + Level 4.6 Spellcasting
 + Level 5.3 Summonings


You had 4 spell levels left.
You knew the following spells:

 Your Spells              Type           Power      Damage    Failure   Level
a - Summon Small Mammal   Summ           96%        N/A       1%          1
b - Call Imp              Summ           24%        N/A       2%          2
c - Call Canine Familiar  Summ           24%        N/A       4%          3
d - Summon Guardian Gole  Hex/Summ       14%        N/A       13%         3

Your spell library contained the following spells:

 Spells                   Type           Power      Damage    Failure   Level
 Summon Lightning Spire   Summ/Air       14%        N/A       41%         4


Dungeon Overview and Level Annotations

Branches:
Dungeon (4/15)             Temple (1/1) D:4

Altars:
Ashenzari
Cheibriados
Dithmenos
Elyvilon
Fedhas
Gozag
Hepliaklqana
Kikubaaqudgha
Makhleb
Nemelex Xobeh
Okawaru
Qazlal
Ru
Sif Muna
Trog
Uskayaw
Vehumet
Xom
Yredelemnul
Zin
The Shining One


Message History

The gnoll shaman is healed somewhat.
The gnoll shaman hits you with a +0 club!
You hit the gnoll shaman but do no damage.
The gnoll shaman is heavily wounded.
The gnoll shaman hits you with a +0 club!
You swap places.
The gnoll misses your crimson imp.
Your quokka bites the gnoll shaman.
The gnoll shaman closely misses your quokka.
Your crimson imp blinks!
Your quokka barely misses the gnoll shaman.
The gnoll is no longer moving quickly.
The gnoll shaman hits your quokka with a +0 club!
Your quokka dies!
Your quokka's corpse disappears in a puff of smoke!
You see here a hobgoblin corpse.
Okay, then.
The flow of time bends around you.
Cheibriados rebukes the gnoll shaman.
The gnoll shaman seems to slow down.
The gnoll shaman barely misses you. The gnoll barely misses you.
You hit the gnoll shaman.
The gnoll shaman is severely wounded.
The gnoll barely misses you.
You closely miss the gnoll shaman.
The gnoll shaman is severely wounded.
The gnoll shaman barely misses you.
The gnoll hits you from afar with a +0 spear.
* * * LOW HITPOINT WARNING * * *
You hit the gnoll shaman but do no damage.
The gnoll shaman is severely wounded.
The gnoll shaman hits you with a +0 club.
* * * LOW HITPOINT WARNING * * *
The gnoll hits you from afar with a +0 spear.
* * * LOW HITPOINT WARNING * * *
It was a potion of degeneration.
There was something very wrong with that liquid.
You feel weakened.
You feel dopey.
You feel clumsy. The gnoll shaman closely misses you.
The gnoll hits you from afar with a +0 spear!
You die...

##### . #...
..).######.########
.....)..gg.........
....$.####@#####...
.......(.(........
.#....####.#####..
#. #.# # #.# #.#
#.# ### #.# #.. #.#
#.#


You could see a gnoll shaman (slow) and a gnoll.

Vanquished Creatures
  3 adders
  2 orcs (D:3)
  4 endoplasms
  A giant cockroach (D:2)
  6 goblins
  3 hobgoblins
  2 jackals (D:2)
  4 ball pythons
  4 bats
  A frilled lizard (D:3)
  3 rats
33 creatures vanquished.

Vanquished Creatures (collateral kills)
  Grinder (D:3)
  A phantom (D:3)
  A gnoll (D:4)
  2 adders
  A worm (D:3)
  4 dart slugs
  4 bats
  3 endoplasms (D:2)
  A giant cockroach (D:2)
  2 goblins (D:2)
  3 hobgoblins
  2 jackals (D:2)
  3 kobolds
  2 ball pythons
  3 frilled lizards
  2 rats (D:2)
35 creatures vanquished.

Vanquished Creatures (others)
  A gnoll (D:4)
1 creature vanquished.

Grand Total: 69 creatures vanquished

Notes
Turn   | Place    | Note
-------+----------+-------------------------------------------
     0 | D:1      | Gwenloh the Deep Elf Summoner began the quest for the Orb.
     0 | D:1      | Reached XP level 1. HP: 10/10 MP: 6/6
   701 | D:1      | Reached XP level 2. HP: 6/15 MP: 6/8
  2500 | D:2      | Reached XP level 3. HP: 18/20 MP: 8/10
  2503 | D:2      | Learned a level 2 spell: Call Imp
  2507 | D:2      | Learned a level 3 spell: Call Canine Familiar
  2511 | D:2      | Learned a level 3 spell: Summon Guardian Golem
  4006 | D:2      | Reached skill level 1 in Fighting
  4011 | D:2      | Reached XP level 4. HP: 23/25 MP: 8/11
  4266 | D:3      | Noticed Grinder
  4299 | D:3      | Killed Grinder
  4300 | D:3      | Reached skill level 5 in Summonings
  4300 | D:3      | Reached XP level 5. HP: 29/29 MP: 6/13
  4864 | D:3      | Found a faded altar of an unknown god.
  4865 | D:3      | Noticed a phantom
  4883 | D:3      | Killed a phantom
  5568 | D:4      | Found a staircase to the Ecumenical Temple.
  5575 | Temple   | Entered the Ecumenical Temple
  5866 | Temple   | Became a worshipper of Cheibriados the Contemplative
  5985 | D:4      | Slain by a gnoll

Illustrated notes

Levels and vault maps discovered:
D:1:      ncdulo_smallfort, layout_loops_ring
D:2:      layout_rooms, amethyst_killhole, kennysheep_path_1,
          minmay_joined_circles
D:3:      layout_loops_corners, shapermc_ecumenical_altar_mp_highgroup,
          uniq_grinder
D:4:      layout_basic, minmay_temple_entry_gardened_gates,
          uniq_crazy_yiuf_cottage
Temple:   roderic_octagonal_lattice_temple

Skill      XL: |  1  2  3  4  5 |
---------------+----------------+-----
Stealth        | 3 4 |  4.2
Dodging        | 3 |  3.9
Fighting       | 1 |  1.9
Spellcasting   | 4 |  4.6
Summonings     | 5 |  5.3

Action                   |  1- 3 |  4- 6 || total
-------------------------+-------+-------++-------
Melee: Staff             |    55 |       ||    55
       Unarmed           |     6 |       ||     6
       Dagger            |   109 |    67 ||   176
 Cast: Summon Small Mamm |    22 |     1 ||    23
       Call Canine Famil |     4 |     8 ||    12
       Call Imp          |       |     6 ||     6
       Summon Guardian G |       |     1 ||     1
Invok: Bend Time         |       |     1 ||     1
  Use: Potion            |       |     1 ||     1
 Stab: Sleeping          |     3 |     5 ||     8
       Distracted        |     1 |     1 ||     2
Armor: Robe              |    36 |    10 ||    46
Dodge: Dodged            |   101 |    48 ||   149
